 Dungeon Crawl Stone Soup version 0.30-a0-168-g0b976cbdc4 (webtiles) character file.

Game seed: 11404056267827795379

1307 qw the Cleaver (level 8, -2/51 HPs)
             Began as a Gargoyle Fighter on Sept 29, 2022.
             Slain by an orc wizard
             ... wielding the +7 bardiche of Xeutab {venom, Contam rN+ Int+3 Dex+2}
              (5 damage)
             ... on level 5 of the Dungeon.
             The game lasted 00:02:01 (4416 turns).

qw the Cleaver (Gargoyle Fighter)                   Turns: 4416, Time: 00:02:02

Health: -2/51      AC: 13    Str: 22    XL:     8   Next: 57%
Magic:  8/8        EV:  9    Int:  9    God:
Gold:   160        SH:  4    Dex:  9    Spells: 7/7 levels left

rFire   . . .      SeeInvis .    Y - +2 war axe (vorpal)
rCold   . . .      Faith    .    c - +0 buckler
rNeg    + . .      Spirit   .    b - +0 scale mail
rPois   inf        Reflect  .    h - +0 helmet
rElec   +          Harm     .    (no cloak)
rCorr   .          Rampage  .    (no gloves)
Will    .....                    (no boots)
Stlth   ..........               l - amulet of regeneration
HPRegen 0.97/turn                (no ring)
MPRegen 0.11/turn                (no ring)

@: no status effects
A: sickness immunity, AC +5, negative energy resistance 1, electricity
resistance, torment resistance 1, petrification resistance
a: no special abilities


You were on level 5 of the Dungeon.
You visited 1 branch of the dungeon, and saw 5 of its levels.
You also visited: Ossuary.

You collected 229 gold pieces.
You spent 69 gold pieces at shops.


Innate Abilities, Weirdness & Mutations

You are immune to sickness and miasma.
Your stone body is resilient. (AC +5)
You are immune to poison.
You resist negative energy. (rN+)
You are resistant to electric shocks. (rElec)
You are resistant to unholy torment.
You are immune to petrification.


   Skills:
 - Level 6.0 Fighting
 + Level 8.2 Axes
 - Level 1.4 Throwing
 - Level 3.2 Armour
 - Level 1.0 Dodging
 - Level 3.2 Shields


You had 7 spell levels left.
You didn't know any spells.
Your spell library was empty.

Inventory:

Hand Weapons
 n - a +2 whip of electrocution
 Y - a +2 vorpal war axe (weapon)
Missiles
 k - 2 boomerangs
 u - 2 silver boomerangs (quivered)
Armour
 b - a +0 scale mail (worn)
 c - a +0 buckler (worn)
 h - a +0 helmet (worn)
 o - a +0 cloak
 p - a +0 plate armour
 q - a +2 cloak
 t - an orb of mayhem
Jewellery
 l - an amulet of regeneration (around neck)
 s - a ring of protection from fire
Scrolls
 a - 2 scrolls of teleportation
 g - 2 scrolls of identify
Potions
 d - a potion of might
 e - 2 potions of curing
 f - a potion of cancellation
 i - 2 potions of haste
 j - a potion of attraction
 m - a potion of heal wounds
 r - a potion of lignification

Dungeon Overview and Level Annotations

Branches:
Dungeon (5/15)             Temple (0/1) D:4         Ossuary (visited)

Altars:
Makhleb
Nemelex Xobeh
Uskayaw

Shops:
D:2 (*

Annotations:
D:2 1 runed translucent door, Crazy Yiuf


Message History

The orc hits you but does no damage.
The orc wizard hits you from afar with the +7 bardiche of Xeutab {venom, Contam rN+ Int+3 Dex+2}!
You completely miss the orc.
The orc is almost dead.
The orc hits you but does no damage.
The orc wizard gestures wildly while chanting.
The orc wizard flickers and vanishes!
Deactivating autopickup; reactivate with Ctrl-A.
The orc hits you but does no damage.
You closely miss the orc.
The orc is almost dead.
The orc hits you but does no damage. Something hits you!
You closely miss the orc.
The orc is almost dead.
The orc closely misses you. Something hits you! The orc closely misses you.
You slash the orc!
You kill the orc!
The orc hits you from afar with a +0 trident.
Something hits you.
Your Fighting skill increases to level 6!
You slash the orc!
You kill the orc!
The orc completely misses you. Something hits you.
The orc hits you but does no damage.
You hear some strange, mumbled words.
Something tries to affect you, but you resist.
Items here: % )) [.
You slice the orc!!
You kill the orc!
You slash something! Something hits you.
You closely miss something. Something hits you! You block something's attack.
You barely miss something. Something hits you but does no damage.
You hit something. Something hits you.
You miss something. Something hits you.
You die...

###....... ##.#..##..#
#########.#....#..#
........###......#
###+####..#.#.#....##..
8...#..8#).....#..)....
..#....#.#######.####.
..#){.#.# #.# #.
#$#@##.# ##'## #.
#)#.#.'.# ##...###.
#....#.# ##.....#..
....#...#.# ##........#
8..#...8#.# #.........#
####+###... +..........
..# #.........# ###
##........# ##........


There were no monsters in sight!

Vanquished Creatures
  Grinder (D:4)
  Eustachio (D:4)
  Menkaure (D:5)
  A black bear (D:4)
  2 phantoms (D:5)
  A howler monkey (D:4)
  A jelly (D:4)
  2 hounds
  3 orc priests (D:5)
  An iguana (D:5)
  2 orc wizards (D:5)
  12 mummies (Ossuary)
  Robin (D:4)
  4 gnolls (D:4)
  4 worms
  2 dart slugs (D:3)
  8 orcs (D:5)
  5 bats
  9 endoplasms
  2 giant cockroaches
  14 goblins
  13 hobgoblins
  4 jackals (D:4)
  5 quokkas
  3 ball pythons
  2 frilled lizards (D:3)
  2 gnoll skeletons (Ossuary)
  2 goblin skeletons (Ossuary)
  2 kobolds
  4 orc skeletons (Ossuary)
  7 rats
  11 rat skeletons (Ossuary)
  2 rat zombies (D:4)
134 creatures vanquished.

Notes
Turn   | Place    | Note
-------+----------+-------------------------------------------
     0 | D:1      | qw the Gargoyle Fighter began the quest for the Orb.
     0 | D:1      | Reached XP level 1. HP: 14/14 MP: 1/1
     0 | D:1      | 0 ||| qw: Version: 0.2-a-12-gaebbb33
     0 | D:1      | 0 ||| qw: Game counter: 1200
     0 | D:1      | 0 ||| qw: Always use a shield: true
     0 | D:1      | 0 ||| qw: God list: Okawaru
     0 | D:1      | 0 ||| qw: Allow faded altars: false
     0 | D:1      | 0 ||| qw: Do Orc after D:15 true
     0 | D:1      | 0 ||| qw: Do second Lair branch before Depths: true
     0 | D:1      | 0 ||| qw: Lair rune preference: random
     0 | D:1      | 0 ||| qw: Plans: Normal, Zot:1-4, God:TSO, Crypt, Tomb,
                  | Pan, Slime:5, Hells, Abyss, Orb
     0 | D:1      | 0 ||| PLANNING D:1-11
    21 | D:1      | Reached skill level 2 in Axes
    57 | D:1      | Reached XP level 2. HP: 17/19 MP: 2/2
   134 | D:1      | 134 ||| Stepping ~*~*~tactically~*~*~ (stealth).
   138 | D:1      | 138 ||| Stepping ~*~*~tactically~*~*~ (stealth).
   139 | D:1      | 139 ||| Stepping ~*~*~tactically~*~*~ (stealth).
   140 | D:1      | 140 ||| Stepping ~*~*~tactically~*~*~ (stealth).
   141 | D:1      | 141 ||| Stepping ~*~*~tactically~*~*~ (stealth).
   170 | D:1      | 170 ||| Stepping ~*~*~tactically~*~*~ (stealth).
   234 | D:1      | 234 ||| DROPPING +0 club.
   278 | D:1      | Reached skill level 3 in Axes
   310 | D:1      | 310 ||| Stepping ~*~*~tactically~*~*~ (stealth).
   314 | D:1      | Reached XP level 3. HP: 23/23 MP: 3/3
   368 | D:1      | Found a faded altar of an unknown god.
   477 | D:1      | 477 ||| READING 2 scrolls labelled ZIFICEE XIZEE.
   482 | D:1      | 482 ||| READING scroll labelled TAMESA SOREX.
   483 | D:1      | 483 ||| READING scroll labelled MIEHIP CUYS.
   484 | D:1      | 484 ||| READING scroll labelled JAOFRIES ZIKEGG.
   633 | D:2      | Found Pinalod's Weapon Shoppe.
   742 | D:2      | Found Ipsang's Assorted Antiques.
   757 | D:2      | 757 ||| SHOPLISTING bloodstained ring mail (216 gold, have
                  | 82).
   757 | D:2      | 757 ||| SHOPLISTING jewelled ring mail (216 gold, have 82).
   757 | D:2      | 757 ||| SHOPLISTING potion of might (96 gold, have 82).
   757 | D:2      | 757 ||| BUYING puce potion (21 gold).
   757 | D:2      | Bought a puce potion for 21 gold pieces
   757 | D:2      | 757 ||| BUYING scroll labelled ALOOTILOTT (24 gold).
   757 | D:2      | Bought a scroll labelled ALOOTILOTT for 24 gold pieces
   757 | D:2      | 757 ||| BUYING scroll labelled APUSIU JOCAXO (24 gold).
   757 | D:2      | Bought a scroll labelled APUSIU JOCAXO for 24 gold pieces
   757 | D:2      | 757 ||| SHOPLISTING shiny plate armour (624 gold, have 13).
   914 | D:2      | 914 ||| DROPPING +0 whip.
  1192 | D:2      | Found a runed translucent door.
  1193 | D:2      | Noticed Crazy Yiuf
  1196 | D:2      | 1196 ||| DROPPING ring of magical power.
  1197 | D:2      | 1197 ||| READING scroll labelled ALOOTILOTT.
  1198 | D:2      | 1198 ||| READING scroll labelled APUSIU JOCAXO.
  1199 | D:2      | 1199 ||| READING scroll labelled EXUUCA ZARE.
  1248 | D:2      | 1248 ||| DRINKING 2 fizzy clear potions.
  1249 | D:2      | 1249 ||| READING 2 scrolls of identify.
  1249 | D:2      | 1249 ||| IDENTIFYING metallic inky potion
  1250 | D:2      | 1250 ||| DROPPING potion of degeneration.
  1397 | D:3      | 1397 ||| Stepping ~*~*~tactically~*~*~ (hiding).
  1750 | D:3      | Reached XP level 4. HP: 28/28 MP: 4/4
  1801 | D:3      | Found a hide-covered altar of Uskayaw.
  2016 | D:3      | 2016 ||| UPGRADING to amulet of regeneration.
  2021 | D:3      | 2021 ||| READING scroll labelled GAIGAUMUKHLE.
  2022 | D:3      | 2022 ||| READING scroll labelled EWENNE PEOQAPO.
  2023 | D:3      | 2023 ||| DRINKING 2 purple potions.
  2024 | D:3      | 2024 ||| READING 3 scrolls of identify.
  2024 | D:3      | 2024 ||| IDENTIFYING smoky ruby potion
  2025 | D:3      | 2025 ||| READING 2 scrolls of identify.
  2025 | D:3      | 2025 ||| IDENTIFYING grey potion
  2026 | D:3      | 2026 ||| DROPPING potion of invisibility.
  2027 | D:3      | 2027 ||| DROPPING potion of brilliance.
  2028 | D:3      | 2028 ||| DROPPING potion of flight.
  2071 | D:4      | 2071 ||| PLANNING OSSUARY
  2106 | D:4      | Found a sand-covered staircase.
  2117 | Ossuary  | Entered an ossuary
  2154 | Ossuary  | Reached skill level 4 in Axes
  2190 | Ossuary  | HP: 5/28 [mummy (12)]
  2191 | Ossuary  | 2191 ||| READING 3 scrolls of teleportation.
  2270 | Ossuary  | Reached XP level 5. HP: 32/32 MP: 5/5
  2319 | Ossuary  | Reached skill level 5 in Axes
  2475 | Ossuary  | Reached skill level 1 in Dodging
  2475 | Ossuary  | Reached XP level 6. HP: 23/38 MP: 6/6
  2501 | Ossuary  | 2501 ||| READING 2 scrolls labelled KEBLETI GUCA.
  2502 | Ossuary  | 2502 ||| READING scroll of enchant weapon.
  2502 | Ossuary  | 2502 ||| ENCHANTING +1 vorpal war axe.
  2503 | Ossuary  | 2503 ||| READING scroll labelled DEGUSM SISOME.
  2504 | Ossuary  | 2504 ||| READING scroll labelled DYMUAW ILENATT.
  2505 | Ossuary  | 2505 ||| READING 5 scrolls of identify.
  2505 | Ossuary  | 2505 ||| IDENTIFYING cyan potion
  2506 | Ossuary  | 2506 ||| READING 4 scrolls of identify.
  2506 | Ossuary  | 2506 ||| IDENTIFYING amethyst potion
  2507 | Ossuary  | 2507 ||| READING 3 scrolls of identify.
  2507 | Ossuary  | 2507 ||| IDENTIFYING puce potion
  2508 | Ossuary  | 2508 ||| READING 2 scrolls of identify.
  2508 | Ossuary  | 2508 ||| IDENTIFYING lumpy cyan potion
  2509 | Ossuary  | 2509 ||| DROPPING potion of magic.
  2510 | Ossuary  | 2510 ||| DROPPING potion of berserk rage.
  2532 | D:4      | 2532 ||| PLANNING D:1-11
  2550 | D:4      | Noticed Grinder
  2552 | D:4      | 2552 ||| Stepping ~*~*~tactically~*~*~ (hiding).
  2555 | D:4      | 2555 ||| Stepping ~*~*~tactically~*~*~ (hiding).
  2566 | D:4      | 2566 ||| Stepping ~*~*~tactically~*~*~ (stealth).
  2568 | D:4      | Noticed Robin
  2572 | D:4      | Killed Grinder
  2573 | D:4      | Reached skill level 6 in Axes
  2576 | D:4      | Reached XP level 7. HP: 41/43 MP: 7/7
  2576 | D:4      | 2576 ||| Stepping ~*~*~tactically~*~*~ (stealth).
  2584 | D:4      | Killed Robin
  2590 | D:4      | 2590 ||| Stepping ~*~*~tactically~*~*~ (hiding).
  2592 | D:4      | 2592 ||| Stepping ~*~*~tactically~*~*~ (hiding).
  2704 | D:4      | Found a burning altar of Makhleb.
  2717 | D:4      | 2717 ||| Stepping ~*~*~tactically~*~*~ (stealth).
  2731 | D:4      | Found a staircase to the Ecumenical Temple.
  2798 | D:4      | 2798 ||| Stepping ~*~*~tactically~*~*~ (stealth).
  2903 | D:4      | 2903 ||| Stepping ~*~*~tactically~*~*~ (stealth).
  2921 | D:4      | Reached skill level 7 in Axes
  2951 | D:4      | 2951 ||| Stepping ~*~*~tactically~*~*~ (stealth).
  3071 | D:4      | Noticed Eustachio
  3081 | D:4      | Killed Eustachio
  3240 | D:4      | Reached XP level 8. HP: 50/50 MP: 8/8
  3588 | D:4      | 3588 ||| UPGRADING to +0 helmet.
  3593 | D:4      | 3593 ||| DRINKING 2 dark potions.
  3594 | D:4      | 3594 ||| READING 4 scrolls of identify.
  3594 | D:4      | 3594 ||| IDENTIFYING fuming purple potion
  3595 | D:4      | 3595 ||| READING 3 scrolls of identify.
  3595 | D:4      | 3595 ||| IDENTIFYING smoky amethyst potion
  3596 | D:4      | 3596 ||| READING 2 scrolls of identify.
  3596 | D:4      | 3596 ||| IDENTIFYING sedimented blue potion
  3597 | D:4      | 3597 ||| DROPPING potion of ambrosia.
  3627 | D:5      | Entered Level 5 of the Dungeon
  3714 | D:5      | 3714 ||| Stepping ~*~*~tactically~*~*~ (stealth).
  3841 | D:5      | Reached skill level 1 in Throwing
  4002 | D:5      | Found a sparkling altar of Nemelex Xobeh.
  4013 | D:5      | Noticed Menkaure
  4014 | D:5      | 4014 ||| FLEEEEING.
  4015 | D:5      | 4015 ||| FLEEEEING.
  4033 | D:5      | Killed Menkaure
  4034 | D:5      | Reached skill level 8 in Axes
  4149 | D:5      | 4149 ||| DRINKING 3 potions of curing.
  4149 | D:5      | 4149 ||| (to cure confusion)
  4399 | D:5      | Identified the +7 bardiche of Xeutab {venom, Contam rN+
                  | Int+3 Dex+2}
  4400 | D:5      | 4400 ||| Stepping ~*~*~tactically~*~*~ (stealth).
  4403 | D:5      | 4403 ||| Stepping ~*~*~tactically~*~*~ (hiding).
  4410 | D:5      | Reached skill level 6 in Fighting
  4413 | D:5      | HP: 3/51 [something (13)]
  4416 | D:5      | Slain by an orc wizard

Levels and vault maps discovered:
D:1:      shiori_arrival_maze, layout_rooms, ebering_ecumenical_altar_abandoned
D:2:      layout_rooms, serial_shops, shop, shop, serial_curves, eino_curves_04,
          eino_curves_04, uniq_crazy_yiuf_cottage
D:3:      layout_rooms, mainiacjoe_overflow_alcove_2, mrwooster_statue_mirror
D:4:      layout_gridville, mainiacjoe_overflow_catwalk,
          minmay_temple_entry_antechambers, enter_ossuary_4,
          minmay_crystal_water, st_stairs_9, uniq_grinder, uniq_robin,
          uniq_eustachio
D:5:      layout_loops_corners, minitemple, eino_small_chamber_without_monster,
          hangedman_abyss_or_decor_passed, minivault_1,
          hangedman_decor_clover_reticule, chequers_serial_rivers_micro_a,
          minmay_misc_feat_alley, moated_statue, uniq_menkaure

Skill      XL: |  1  2  3  4  5  6  7  8 |
---------------+-------------------------+-----
Axes           | 2 3 4 5 6 7 8 |  8.2
Fighting       | 4 5 6 |  6.0
Dodging        | 1 |  1.0
Throwing       | 1 |  1.4
Armour         | |  3.2
Shields        | |  3.2

Action                   |  1- 3 |  4- 6 |  7- 9 || total
-------------------------+-------+-------+-------++-------
Melee: War axe           |   121 |   100 |   173 ||   394
Throw: Boomerang         |       |       |     8 ||     8
  Use: Scroll            |     8 |    13 |     3 ||    24
       Potion            |     1 |     1 |     2 ||     4
Armor: Scale mail        |    58 |    26 |    83 ||   167
Dodge: Dodged            |    41 |    18 |    68 ||   127
Block: Buckler           |    18 |    14 |    16 ||    48

Table legend:
 A = Non-vault XP
 B = Vault XP
 C = Vault XP percentage of total XP
 D = Non-vault monster count
 E = Vault monster count
 F = Vault count percentage of total count
                 A         B        C        D         E       F
            +---------+---------+-------+---------+---------+-------
      Total |     940 |     928 |  49.7 |      81 |      53 |  39.6
            +---------+---------+-------+---------+---------+-------
        D:1 |      31 |       4 |  11.4 |      19 |       2 |   9.5
        D:2 |      29 |       0 |   0.0 |      15 |       0 |   0.0
        D:3 |      28 |       0 |   0.0 |      12 |       0 |   0.0
        D:4 |     369 |     521 |  58.5 |      18 |      19 |  51.4
        D:5 |     483 |     172 |  26.3 |      17 |       1 |   5.6
    Ossuary |       0 |     231 | 100.0 |       0 |      31 | 100.0
            +---------+---------+-------+---------+---------+-------
